AoeStats
← slunty

Golden Pit

508063162Analyzed
1v1 RM · 11d ago on Sep 20, 2026· 33m 24s· 2 players
Game mode
Random Map
Map size
Tiny (2 player)
Population
200
Speed
Normal
Resources
Standard
Victory
Conquest
Starting age
Dark Age
Ending age
Imperial Age
RankedLock teamsTeams togetherTeam positionsShared explorationLock speedFull tech treeHidden civsTurbo modeCheats
Victory
Defeat
🇲🇽 Burmese · Mexico
534
+17
🇺🇸 Franks · United States
545
-27
abe.anderman
2:38 Loom
13:29 Feudal Age
16:42 Gold Mining
16:48 Stone Mining
19:37 Horse Collar
20:12 Man-at-Arms
22:48 Wheelbarrow
26:24 Castle Age
25:15 Bloodlines
28:26 Hand Cart
28:50 Husbandry
33:43 Gold Shaft Mining
slunty
10:19 Feudal Age
8:38 Loom
17:30 Castle Age
16:06 Wheelbarrow
23:05 Husbandry
24:07 Elite Skirmisher
29:18 Fletching
29:34 Scale Barding Armor
31:26 Bodkin Arrow
33:39 Double-Bit Axe
Connection lost

Rejoining the realm…

Still unreachable

The connection could not be restored.

Session expired

The server has moved on; the page needs a fresh start.